 Dungeon Crawl Stone Soup version 0.25-a0-528-g6b7c99946c (webtiles) character file.

Game seed: 15755606818987840085, levelgen mode: deterministic

1074 kae the Insei (level 8, -3/68 HPs)
             Began as a Demonspawn Gladiator on Feb 19, 2020.
             Was a Follower of Ru.
             Slain by Duvessa
             ... wielding a +4 short sword of flaming
              (7 damage)
             ... on level 6 of the Dungeon.
             The game lasted 00:03:05 (4790 turns).

kae the Insei (Demonspawn Gladiator)                Turns: 4790, Time: 00:03:05

Health: -3/68      AC:  7    Str: 14    XL:     8   Next: 7%
Magic:  17/17      EV: 13    Int: 11    God:    Ru [*.....]
Gold:   238        SH:  0    Dex: 16    Spells: 7/7 levels left

rFire    . . .     SeeInvis .     - Unarmed
rCold    . . .     Gourm    .   (no shield)
rNeg     . . .     Faith    .   a - +0 leather armour
rPois    .         Spirit   .   b - +0 helmet
rElec    .         Reflect  .   (no cloak)
rCorr    .         Harm     .   (no gloves)
MR       .....                  (no boots)
Stlth    +.........             (no amulet)
HPRegen  0.21/turn              s - ring of magical power
MPRegen  0.15/turn              (no ring)

@: glowing
A: talons 1, rugged brown scales 3, spiny 1, no ice magic, no necromancy magic,
no summoning magic
a: Renounce Religion


You were on level 6 of the Dungeon.
You worshipped Ru.
Ru was aware of your devotion.
You were not hungry.

You visited 1 branch of the dungeon, and saw 6 of its levels.

You collected 238 gold pieces.

Inventory:

Missiles
 c - 3 throwing nets (quivered)
Armour
 a - a +0 leather armour (worn)
 b - a +0 helmet (worn)
Jewellery
 s - a ring of magical power (left hand)
Scrolls
 g - 2 scrolls of noise
 j - 2 scrolls of teleportation
 k - 4 scrolls of remove curse
 l - a scroll of magic mapping
 m - a scroll of identify
Potions
 e - 2 potions of lignification
 f - a potion of invisibility
 h - a potion of flight
 i - 2 potions of curing
 p - a potion of cancellation
 r - a potion of might
Comestibles
 d - 9 rations


   Skills:
 + Level 5.7 Fighting
 - Level 1.7 Throwing
 - Level 2.6 Dodging
 * Level 7.6 Unarmed Combat


You had 7 spell levels left.
You didn't know any spells.
Your spell library was empty.

Dungeon Overview and Level Annotations

Branches:
Dungeon (6/15)
 Temple: D:4-7

Altars:
Ru

Shops:
D:6 (}(}

Annotations:
D:6 Duvessa


Innate Abilities, Weirdness & Mutations

You have sharp toenails.
You are completely covered in rugged brown scales. (AC +3, +7% HP)
You are partially covered in sharp spines.
You cannot study or cast Ice magic.
You cannot study or cast Necromancy magic.
You cannot study or cast Summoning magic.


Message History

Duvessa hits you with a +4 short sword of flaming.
* * * LOW HITPOINT WARNING * * *
Duvessa burns you.
* * * LOW HITPOINT WARNING * * *
Duvessa hits you with a +4 short sword of flaming.
* * * LOW HITPOINT WARNING * * *
Duvessa burns you.
* * * LOW HITPOINT WARNING * * *
It was a potion of curing.
You feel better. Duvessa hits you but does no damage.
Your leather armour prevents you from hitting Duvessa.
You claw Duvessa, but do no damage.
Duvessa is severely wounded.
Duvessa is stunned by your will and fails to attack.
You hit Duvessa. You claw Duvessa, but do no damage.
Duvessa is almost dead.
Duvessa hits you with a +4 short sword of flaming!
* * * LOW HITPOINT WARNING * * *
Duvessa burns you!
You die...

,,,,,>....##*###*##.∩.......,,,**
,,,,,...##*###..##.......###,,,*
,,,,,..#*###.....).......# **,,**
,,,,,##**#............#..# **,,,
,,,,****,............##..# **,,
,,*****,,...........##*,.# **,
,** **,,,...$......## *,.# *, **
**,,,,..$......## *,,* *, *
*,,,,,.......@.# **,* ** **
***,,,......e)## *,* ,**
**,,.......## *,*
,,****,,,###...#* *,*
,,,*,,,,**#....* ***
,,,,,,,**#....#* ,,*,,,***...?#*
,,**,,**,....* ,,**,,**,,,,****


You could see Duvessa (berserk).

Vanquished Creatures
  An ice beast (D:6)
  A phantom (D:5)
  An ogre (D:6)
  A bullfrog (D:6)
  Dowan (D:6)
  A scorpion (D:4)
  3 killer bees (D:6)
  A howler monkey (D:5)
  A crimson imp (D:5)
  2 centaur skeletons (D:5)
  An orc priest (D:4)
  2 bullfrog skeletons
  A hound (D:4)
  2 iguanas (D:5)
  2 hound zombies
  7 adders
  A shadow imp (D:5)
  An adder skeleton (D:6)
  2 worms (D:2)
  4 dart slugs
  5 leopard geckos
  8 orcs
  9 bats
  2 giant cockroaches
  10 goblins
  9 hobgoblins
  3 jackals (D:2)
  5 kobolds
  8 quokkas
  A ball python (D:3)
  8 frilled lizards
  A jackal skeleton (D:5)
  2 quokka skeletons
  7 rats
114 creatures vanquished.

Notes
Turn   | Place    | Note
-------+----------+-------------------------------------------
     0 | D:1      | kae the Demonspawn Gladiator began the quest for the Orb.
     0 | D:1      | Reached XP level 1. HP: 16/16 MP: 1/1
    88 | D:1      | Reached skill level 3 in Unarmed Combat
   100 | D:1      | Gained mutation: You are partially covered in rugged brown
                  | scales. (AC +1, +3% HP) [demonic ancestry]
   100 | D:1      | Reached XP level 2. HP: 10/22 MP: 2/2
   959 | D:2      | Gained mutation: You are partially covered in sharp spines.
                  | [demonic ancestry]
   959 | D:2      | Reached XP level 3. HP: 28/28 MP: 3/3
  1546 | D:2      | Reached skill level 4 in Unarmed Combat
  1546 | D:2      | Gained mutation: You have sharp toenails. [demonic
                  | ancestry]
  1546 | D:2      | Reached XP level 4. HP: 29/35 MP: 4/4
  2150 | D:3      | Found a faded altar of an unknown god.
  2176 | D:3      | Gained mutation: You are mostly covered in rugged brown
                  | scales. (AC +2, +5% HP) [demonic ancestry]
  2176 | D:3      | Reached XP level 5. HP: 36/43 MP: 5/5
  2671 | D:4      | Reached skill level 5 in Unarmed Combat
  2986 | D:4      | Found a sacrificial altar of Ru.
  3149 | D:4      | Gained mutation: You are completely covered in rugged brown
                  | scales. (AC +3, +7% HP) [demonic ancestry]
  3149 | D:4      | Reached XP level 6. HP: 40/51 MP: 6/6
  3361 | D:4      | Became a worshipper of Ru the Awakened
  3387 | D:5      | Entered Level 5 of the Dungeon
  3721 | D:5      | Reached skill level 6 in Unarmed Combat
  3876 | D:5      | Reached XP level 7. HP: 52/58 MP: 7/7
  4086 | D:6      | Found Jexusak's Weapon Emporium.
  4200 | D:6      | Found Lahiwic's Gadget Boutique.
  4305 | D:6      | Found Woat's Gadget Emporium.
  4357 | D:6      | Reached skill level 5 in Fighting
  4373 | D:6      | Gained mutation: You cannot study or cast Ice magic. [Ru
                  | sacrifice]
  4373 | D:6      | Gained mutation: You cannot study or cast Necromancy magic.
                  | [Ru sacrifice]
  4373 | D:6      | Gained mutation: You cannot study or cast Summoning magic.
                  | [Ru sacrifice]
  4373 | D:6      | Reached * piety under Ru
  4455 | D:6      | Reached skill level 7 in Unarmed Combat
  4580 | D:6      | Found Tocuvy's Weapon Shoppe.
  4767 | D:6      | Reached XP level 8. HP: 55/67 MP: 8/8
  4772 | D:6      | Noticed Dowan
  4775 | D:6      | Noticed Duvessa
  4783 | D:6      | Killed Dowan
  4790 | D:6      | Slain by Duvessa

Levels and vault maps discovered:
D:1:      psy_arrival_whirlpool, layout_basic
D:2:      layout_basic, minmay_pentomino_pile
D:3:      layout_basic, first_ration, chequers_ecumenical_altar_twisty
D:4:      layout_cave_pods, nicolae_ru_the_path_less_chosen
D:5:      layout_cave_pools, serial_park, serial_park_gazebo
          [serial_park_minivault_5x5_7], serial_park_tiny_1, serial_park_tiny_1,
          serial_park_avenue1, serial_park_square2
D:6:      layout_cave_pods, lemuel_coloured_pillars_altar, serial_shops,
          nicolae_shop_trees, shop, shop, shop, minmay_misc_feat_iff,
          uniq_duvessa

Skill      XL: |  1  2  3  4  5  6  7 |
---------------+----------------------+-----
Unarmed Combat | 3 4 5 6 7 |  7.6
Fighting       | 3 4 5 |  5.7
Throwing       | |  1.7
Dodging        | |  2.6

Action                   |  1- 3 |  4- 6 |  7- 9 || total
-------------------------+-------+-------+-------++-------
Melee: Unarmed           |   125 |   139 |    64 ||   328
       Punch             |     2 |     3 |     3 ||     8
       Kick              |       |    34 |    25 ||    59
Invok: Sacrifice Arcana  |       |       |     1 ||     1
  Use: Scroll            |       |     1 |    10 ||    11
       Potion            |       |       |     1 ||     1
 Stab: Sleeping          |     5 |       |       ||     5
  Eat: Chunk             |     1 |     8 |     3 ||    12
Armor: Leather armour    |    40 |    15 |    13 ||    68
Dodge: Dodged            |    71 |    73 |    39 ||   183

Table legend:
 A = Non-vault XP
 B = Vault XP
 C = Vault XP percentage of total XP
 D = Non-vault monster count
 E = Vault monster count
 F = Vault count percentage of total count
                 A         B        C        D         E       F
            +---------+---------+-------+---------+---------+-------
      Total |    1447 |      88 |   5.7 |     110 |       4 |   3.5
            +---------+---------+-------+---------+---------+-------
        D:1 |      31 |       0 |   0.0 |      20 |       0 |   0.0
        D:2 |      84 |      16 |  16.0 |      27 |       3 |  10.0
        D:3 |      68 |       0 |   0.0 |      26 |       0 |   0.0
        D:4 |     195 |       0 |   0.0 |       7 |       0 |   0.0
        D:5 |     458 |       0 |   0.0 |      19 |       0 |   0.0
        D:6 |     611 |      72 |  10.5 |      11 |       1 |   8.3
            +---------+---------+-------+---------+---------+-------
